 Dungeon Crawl Stone Soup version 0.27-a0-1612-gde56a17b89 (webtiles) character file.

Game seed: 16625854436864874890

207 Sin92 the Skirmisher (level 5, -11/41 HPs)
             Began as a Demonspawn Fighter on July 22, 2021.
             Killed by divine providence
             ... invoked by an orc priest
              (16 damage)
             ... on level 3 of the Dungeon.
             The game lasted 00:02:26 (2361 turns).

Sin92 the Skirmisher (Demonspawn Fighter)           Turns: 2361, Time: 00:02:27

Health: -11/41     AC:  8    Str: 17    XL:     5   Next: 54%
Magic:  5/5        EV:  7    Int:  9    God:
Gold:   86         SH: 13    Dex: 13    Spells: 4/4 levels left

rFire    . . .     SeeInvis .   a - +1 long sword
rCold    . . .     Faith    .   c - +0 kite shield
rNeg     . . .     Spirit   .   b - +0 scale mail
rPois    .         Reflect  .   (no helmet)
rElec    .         Harm     .   (no cloak)
rCorr    .         Rampage  .   (no gloves)
Will     .....                  i - +0 pair of boots
Stlth    ..........             (no amulet)
HPRegen  0.13/turn              (no ring)
MPRegen  0.09/turn              (no ring)

@: no status effects
A: large bone plates 1, foul stench 1
a: no special abilities


You were on level 3 of the Dungeon.
You visited 1 branch of the dungeon, and saw 3 of its levels.

You collected 86 gold pieces.

Inventory:

Hand Weapons
 a - a +1 long sword (weapon)
Missiles
 e - 8 curare-tipped darts (quivered)
Armour
 b - a +0 scale mail (worn)
 c - a +0 kite shield (worn)
 i - a +0 pair of boots (worn)
Scrolls
 f - 2 scrolls of teleportation
 k - a scroll of magic mapping
Potions
 d - a potion of might
 g - a potion of mutation {unknown}
 h - a potion of curing


   Skills:
 + Level 3.6 Fighting
 * Level 3.3 Long Blades
 + Level 3.4 Armour
 + Level 1.7 Dodging
 + Level 3.3 Shields


You had 4 spell levels left.
You didn't know any spells.
Your spell library contained the following spells:

 Spells                   Type           Power      Damage    Failure   Level
 Passwall                 Tmut/Erth      0%         N/A       100%        2
 Swiftness                Air            0%         N/A       100%        3
 Invisibility             Hex            0%         N/A       100%        6


Dungeon Overview and Level Annotations

Branches:
Dungeon (3/15)

Altars:


Innate Abilities, Weirdness & Mutations

You are partially covered in large bone plates. (SH +4)
You may rarely emit foul miasma when damaged in melee.


Message History

You kill the orc!
The orc hits you with a +0 hand axe.
Unknown command.
You barely miss the orc. The orc hits you but does no damage.
Unknown command.
You hit the orc.
The orc is severely wounded.
The orc completely misses you. You block the orc's attack.
Unknown command.
Unknown command.
You barely miss the orc.
The orc is severely wounded.
The orc priest calls down the wrath of Beogh upon you.
Beogh smites you! You block the orc's attack.
You are too injured to fight recklessly!
Unknown command.
You are too injured to fight recklessly!
Unknown command.
You are too injured to fight recklessly!
You barely miss the orc.
The orc is severely wounded.
The orc priest calls down the wrath of Beogh upon you.
Beogh smites you!
* * * LOW HITPOINT WARNING * * *
You block the orc's attack. The orc barely misses you.
You riposte.
You hit the orc but do no damage.
The orc is heavily wounded.
You hit the orc but do no damage.
The orc is heavily wounded.
The orc closely misses you.
You riposte.
You hit the orc.
You kill the orc!
Unknown command.
You block the orc priest's attack.
Items here: )))) [[ ††††.
You hit the orc priest.
The orc priest is lightly wounded.
You block the orc priest's attack.
The orc priest calls down the wrath of Beogh upon you.
Beogh smites you!
You die...

#....# #.#.#...#
#....#######.#......
..#####............#...#..
...........#########......
...........# #....#...#
...........# #.###.....
...........# #.# ##..#.
..####.##.## #.# #.##. .
#. #@#######.####.##. #.
#o...........#.##. ..
.............#.##.
#..#..............##.
#.#.........[....... #
#..#.#.#..........
#..#...#.#........
#..###.#.####..... #.
#.....


You could see an orc priest.

Vanquished Creatures
  Sigmund (D:2)
  An adder (D:2)
  2 dart slugs (D:1)
  5 orcs
  4 ball pythons
  A bat (D:2)
  3 endoplasms
  2 giant cockroaches (D:1)
  A hobgoblin (D:1)
  6 jackals
  2 quokkas
  2 frilled lizards (D:1)
  2 goblins (D:1)
  3 kobolds (D:1)
  2 rats
37 creatures vanquished.

Notes
Turn   | Place    | Note
-------+----------+-------------------------------------------
     0 | D:1      | Sin92 the Demonspawn Fighter began the quest for the Orb.
     0 | D:1      | Reached XP level 1. HP: 18/18 MP: 1/1
   255 | D:1      | Gained mutation: You may rarely emit foul miasma when
                  | damaged in melee. [demonic ancestry]
   255 | D:1      | Reached XP level 2. HP: 24/24 MP: 2/2
   835 | D:1      | Gained mutation: You are partially covered in large bone
                  | plates. (SH +4) [demonic ancestry]
   835 | D:1      | Reached XP level 3. HP: 29/29 MP: 3/3
  1392 | D:2      | Noticed Sigmund
  1739 | D:2      | Killed Sigmund
  1740 | D:2      | Reached skill level 1 in Dodging
  1740 | D:2      | Reached XP level 4. HP: 22/36 MP: 4/4
  1740 | D:2      | Reached XP level 5. HP: 26/41 MP: 5/5
  2361 | D:3      | Killed from afar by an orc priest

Illustrated notes

Levels and vault maps discovered:
D:1:      amcnicky_arrival_abandoned_market, layout_loops_ring,
          minmay_misc_feat_roman, minivault_27, minmay_misc_feat_iff,
          minmay_misc_feat_encased, chequers_serial_rivers_small_a
D:2:      layout_loops_ring, serial_glass, glass_columns_a, glass_columns_a,
          glass_columns_c, glass_columns_c, uniq_sigmund
D:3:      layout_basic, elyvilon_altar_4, shapermc_ecumenical_altar_venn,
          kennysheep_crisscross, minmay_misc_feat_more_columns

Skill      XL: |  1  2  3 |
---------------+----------+-----
Long Blades    | 2 3 |  3.3
Armour         | 3 |  3.4
Dodging        | 1 |  1.7
Shields        | 3 |  3.3
Fighting       | |  3.6

Action                   |  1- 3 |  4- 6 || total
-------------------------+-------+-------++-------
Melee: Long sword        |    90 |    27 ||   117
  Use: Scroll            |     4 |     1 ||     5
Armor: Scale mail        |    49 |     5 ||    54
Dodge: Dodged            |    38 |     8 ||    46
Block: Kite shield       |    61 |    16 ||    77
       Rpst.: Long sword |    10 |     3 ||    13

Table legend: (Time is in decaauts)
 A = Elapsed time spent in this place.
 B = Non-inter-level travel time spent in this place.
 C = Inter-level travel time spent in this place.
 D = Time resting spent in this place.
 E = Time spent auto-exploring this place.
 F = Levels seen in this place.
 G = Mean time per level.
                   A        B        C        D        E       F      G
               +--------+--------+--------+--------+--------+-----+--------+
         Total |   2422 |   2307 |    115 |    261 |   1734 |   3 |  807.3 |
       Dungeon |   2422 |   2307 |    115 |    261 |   1734 |   3 |  807.3 |
               +--------+--------+--------+--------+--------+-----+--------+

Top non-repeatable levels by time:
     D:1: 1141 daAuts
     D:2: 1133 daAuts
     D:3: 147 daAuts
